 Dungeon Crawl Stone Soup version 0.29-a0-234-g0dae59b3db (webtiles) character file.

Game seed: 4236225790811999967

853 spaghetti the Archer (level 7, 0/38 HPs)
             Began as a Deep Elf Hunter on Mar 2, 2022.
             Was a Plaything of Xom.
             Slain by a hound (3 damage)
             ... on level 6 of the Dungeon.
             The game lasted 00:09:35 (4109 turns).

spaghetti the Archer (Deep Elf Hunter)              Turns: 4109, Time: 00:09:36

Health: 0/38       AC:  3    Str:  8 (9)  XL:     7   Next: 70%
Magic:  9/9        EV: 12    Int: 15 (18) God:    Xom [.....*]
Gold:   164        SH:  0    Dex: 14 (17) Spells: 6/6 levels left

rFire   + . .      SeeInvis .   a - +1 shortbow (venom) {bow}
rCold   . . .      Faith    .   (shield currently unavailable)
rNeg    . . .      Spirit   .   d - +0 leather armour
rPois   .          Reflect  .   (helmet restricted)
rElec   .          Harm     .   (no cloak)
rCorr   .          Rampage  .   (no gloves)
Will    .....                   (no boots)
Stlth   +.........              (no amulet)
HPRegen 0.12/turn               (no ring)
MPRegen 0.11/turn               (no ring)

@: flying
A: claws 1, horns 1, agile 1, fire resistance 1, high MP 1
a: Renounce Religion


You were on level 6 of the Dungeon.
You worshipped Xom.
You were Xom's teddy bear.
You visited 1 branch of the dungeon, and saw 6 of its levels.

You collected 285 gold pieces.
You spent 121 gold pieces at shops.


Innate Abilities, Weirdness & Mutations

You have sharp fingernails.
You have a pair of small horns on your head.
You are agile. (Dex +2)
Your flesh is heat resistant. (rF+)
You have an increased reservoir of magic. (+10% MP)


   Skills:
 - Level 1.5 Fighting
 + Level 12.5 Bows
 - Level 2.4 Dodging
 - Level 1.2 Stealth


You had 6 spell levels left.
You didn't know any spells.
Your spell library contained the following spells:

 Spells                   Type           Power      Damage    Failure   Level
 Beastly Appendage        Tmut           0%         N/A       36%         1
 Wereblood                Tmut           0%         N/A       52%         2
 Gell's Gravitas          Tloc           0%         N/A       75%         3
 Lesser Beckoning         Tloc           0%         N/A       75%         3
 Spider Form              Tmut/Pois      0%         N/A       75%         3
 Teleport Other           Tloc           0%         N/A       75%         3

Inventory:

Hand Weapons
 a - a +1 shortbow of venom (weapon) {bow}
 y - a +0 rapier {short}
   (You took it off Eustachio on level 5 of the Dungeon)
Missiles
 c - 6 silver boomerangs {throwing}
 m - 119 stones {throwing}
 r - a boomerang {throwing}
Armour
 d - a +0 leather armour (worn)
 f - a +0 helmet
   (You found it on level 1 of the Dungeon)
 w - a +0 pair of boots of flying
   (You found it on level 5 of the Dungeon)
Magical Staves
 b - a staff of cold {!astaff}
   (You found it on level 1 of the Dungeon)
 q - a staff of conjuration {!a@e2staff}
   (You found it on level 3 of the Dungeon)
 t - a staff of death {!astaff}
   (You found it on level 4 of the Dungeon)
 v - a staff of poison {!astaff}
   (Xom gifted it to you on level 4 of the Dungeon)
Jewellery
 e - a ring of wizardry
   (You found it on level 1 of the Dungeon)
Scrolls
 h - 3 scrolls of enchant weapon {unknown}
 j - a scroll of identify {unknown}
 u - a scroll of fear {unknown}
 z - a scroll of vulnerability {unknown}
Potions
 g - 3 potions of might
 i - a potion of attraction {!q}
 l - a potion of mutation {!q}
 n - a potion of degeneration {!q@e2}
 p - 2 potions of brilliance
Miscellaneous
 s - a lightning rod (3/4)
   (Xom gifted it to you on level 4 of the Dungeon)
 x - a tin of tremorstones (2/2) {throwing}
   (Xom gifted it to you on level 5 of the Dungeon)

Dungeon Overview and Level Annotations

Branches:
Dungeon (6/15)
 Temple: D:4-7

Altars:
Elyvilon
Xom

Shops:
D:3 =!==

Annotations:
D:5 Duvessa

### #@#
###h##
#..s.#
#....#
#.....#
#...#..#
##.Y.....
#.#.##...
#. . #...


You could see an ice beast, a scorpion and a hound.


Message History

Aim: Ijyb, wielding a +0 club, wearing a +0 chain mail and carrying a wand of iceblast (4) (67% to hit)
You shoot an arrow. The arrow barely misses Ijyb.
Shoot: a) +1 shortbow (venom) {bow}
Press: ? - help, Q - select action, (/) - cycle Shift-Dir - straight line, f/p - Ijyb
Aim: Ijyb, wielding a +0 club, wearing a +0 chain mail and carrying a wand of iceblast (4) (67% to hit)
You shoot an arrow. The arrow hits Ijyb but does no damage.
Ijyb is poisoned.
A scorpion comes into view.
Shoot: a) +1 shortbow (venom) {bow}
Press: ? - help, Q - select action, (/) - cycle Shift-Dir - straight line, f/p - Ijyb
Aim: Ijyb, wielding a +0 club, wearing a +0 chain mail and carrying a wand of iceblast (4) (very poisoned, 67% to hit)
You shoot an arrow. The arrow completely misses Ijyb.
Ijyb grins evilly.
Ijyb hits you with a +0 club. 😮 HP[-4]
You take 4 damage, and now have 21/38 hp.
Shoot: a) +1 shortbow (venom) {bow}
Press: ? - help, Q - select action, (/) - cycle Shift-Dir - straight line, f/p - Ijyb
Aim: Ijyb, wielding a +0 club, wearing a +0 chain mail and carrying a wand of iceblast (4) (lightly wounded, very poisoned, 67% to hit)
You shoot an arrow. The arrow hits Ijyb!
Ijyb looks as sick as possible!
Ijyb hits you with a +0 club.
* * * LOW HITPOINT WARNING * * *
😨 HP[-3]
You take 3 damage, and now have 18/38 hp.
Shoot: a) +1 shortbow (venom) {bow}
Press: ? - help, Q - select action, (/) - cycle Shift-Dir - straight line, f/p - Ijyb
Aim: Ijyb, wielding a +0 club, wearing a +0 chain mail and carrying a wand of iceblast (4) (severely wounded, extremely poisoned, 67% to hit)
You shoot an arrow. The arrow hits Ijyb but does no damage.
Ijyb looks as sick as possible!
Ijyb hits you with a +0 club.
* * * LOW HITPOINT WARNING * * *
😨 HP[-3]
You take 3 damage, and now have 15/38 hp.
Shoot: a) +1 shortbow (venom) {bow}
Press: ? - help, Q - select action, (/) - cycle Shift-Dir - straight line, f/p - Ijyb
Aim: Ijyb, wielding a +0 club, wearing a +0 chain mail and carrying a wand of iceblast (4) (severely wounded, extremely poisoned, 67% to hit)
You shoot an arrow. The arrow hits Ijyb but does no damage.
Ijyb looks as sick as possible!
Shoot: a) +1 shortbow (venom) {bow}
Press: ? - help, Q - select action, (/) - cycle Shift-Dir - straight line, f/p - Ijyb
Aim: Ijyb, wielding a +0 club, wearing a +0 chain mail and carrying a wand of iceblast (4) (severely wounded, extremely poisoned, 67% to hit)
You shoot an arrow. The arrow barely misses Ijyb.
You kill Ijyb!
Duvessa, Sister of Dowan comes into view.
She is wielding a +0 short sword.
Okay, then.
There is a stone staircase leading down here.
The scorpion stings you!
* * * LOW HITPOINT WARNING * * *
You are lethally poisoned!
The scorpion poisons you!
You climb downwards.
* * * LOW HITPOINT WARNING * * *
You feel very sick.
There is a stone staircase leading up here. 😱 HP[-9]
You take 9 damage, and now have 6/38 hp.
MASSIVE DAMAGE!! (PAUSE) Unknown command.
Okay, then.
You feel better. The scorpion stings you.
* * * LOW HITPOINT WARNING * * *
The scorpion misses you.
The hound barks! 😨 HP[+7]
You regained 7 hp, and now have 13/38 hp.
Unknown command.
Okay, then.
Okay, then.
Unknown command.
The scorpion stings you!
* * * LOW HITPOINT WARNING * * *
The hound bites you but does no damage. 😱 HP[-9]
You take 9 damage, and now have 4/38 hp.
MASSIVE DAMAGE!! (PAUSE)
Okay, then.
You feel better. The hound bites you.
* * * LOW HITPOINT WARNING * * *
An ice beast comes into view.
It was a potion of flight.
You feel very buoyant.
You fly up into the air.
Xom thinks this is hilarious!
The hound bites you.
* * * LOW HITPOINT WARNING * * *
The hound misses you. 😱 HP[-2]
You take 2 damage, and now have 2/38 hp.
It was a potion of degeneration.
There was something very wrong with that liquid.
You feel weakened.
You feel dopey.
You feel clumsy. The hound barely misses you.
Okay, then.
Aiming: Thunderbolt
Press: ? - help, Shift-Dir - straight line, f - hound
Aim: a hound The thunderbolt hits the hound!
The thunderbolt hits the scorpion!
You hear a shout!
The hound bites you.
You die...
Xom bursts into laughter!

Skill      XL: |  1  2  3  4  5  6  7 |
---------------+----------------------+-----
Bows           | 6 7 8 10 11 12 | 12.5
Fighting       | |  1.5
Dodging        | |  2.4
Stealth        | |  1.2

Action                   |  1- 3 |  4- 6 |  7- 9 || total
-------------------------+-------+-------+-------++-------
Melee: Staff             |    11 |    11 |       ||    22
 Fire: Shortbow          |    67 |   140 |    40 ||   247
Evoke: Lightning rod     |       |       |     1 ||     1
  Use: Potion            |       |     5 |     4 ||     9
       Scroll            |       |     1 |       ||     1
Armor: Leather armour    |    11 |    13 |     2 ||    26
       Skin              |       |    20 |       ||    20
Dodge: Dodged            |    17 |    18 |     5 ||    40

Levels and vault maps discovered:
D:1:      psy_arrival_basics, layout_basic
D:2:      layout_loops_ring, nicolae_ecumenical_snake_handling
D:3:      layout_basic, serial_shops, shop, shop_fountains,
          nicolae_shop_crystal, nicolae_shop_hallway_stairs,
          serial_park_tiny_pond, minmay_between
D:4:      layout_loops_cross
D:5:      wander_river, layout_loops_ring, lemuel_crystal_altar,
          minmay_temple_entry_stoned_glass, dk_noncrumbling_3,
          kennysheep_generic_room_8, uniq_duvessa, uniq_ijyb, uniq_eustachio
D:6:      layout_rooms, uniq_blork_the_orc, uniq_maggie, uniq_menkaure

Notes
Turn   | Place    | Note
-------+----------+-------------------------------------------
     0 | D:1      | spaghetti the Deep Elf Hunter began the quest for the Orb.
     0 | D:1      | Reached XP level 1. HP: 12/12 MP: 3/3
     0 | D:1      | magus.rc [v1.9.6]
   144 | D:1      | Reached XP level 2. HP: 16/16 MP: 4/4
   154 | D:1      | Reached skill level 6 in Bows
   638 | D:1      | Reached XP level 3. HP: 20/20 MP: 5/5
   858 | D:2      | You pick up a book of Displacement and begin reading...
   858 | D:2      | You add the spells Lesser Beckoning, Gell's Gravitas and
                  | Teleport Other to your library.
   939 | D:2      | Reached skill level 7 in Bows
  1032 | D:2      | Found a faded altar of an unknown god.
  1038 | D:2      | Prayed at the altar of an unknown god.
  1038 | D:2      | Became a worshipper of Xom of Chaos
  1047 | D:2      | magus.rc [v1.9.6]
  1053 | D:2      | XOM: potion effect (berserk rage)
  1060 | D:2      | XOM: potion effect (curing)
  1067 | D:2      | Reached XP level 4. HP: 25/25 MP: 6/6
  1687 | D:3      | XOM: divination: detect creatures
  1701 | D:3      | XOM: potion effect (berserk rage)
  1705 | D:3      | XOM: potion effect (haste)
  1708 | D:3      | Gained mutation: You have a pair of small horns on your
                  | head. [potion of mutation]
  1712 | D:3      | Reached skill level 8 in Bows
  1994 | D:3      | You pick up a book of Changes and begin reading...
  1994 | D:3      | You add the spells Beastly Appendage, Wereblood and Spider
                  | Form to your library.
  2013 | D:3      | Found Fav Ynonk's Jewellery Boutique.
  2028 | D:3      | Reached XP level 5. HP: 29/29 MP: 7/7
  2088 | D:3      | Reached skill level 9 in Bows
  2191 | D:3      | Found Jotuelel's Jewellery Shoppe.
  2216 | D:3      | Found Yceacrulo's Distillery.
  2220 | D:3      | Bought a potion of curing for 33 gold pieces
  2220 | D:3      | Bought a potion of might for 44 gold pieces
  2220 | D:3      | Bought a potion of brilliance for 44 gold pieces
  2288 | D:3      | XOM: cloud trail
  2375 | D:3      | Found Lidociu's Jewellery Shop.
  2540 | D:3      | XOM: give mutations
  2540 | D:3      | Gained mutation: You have sharp fingernails. [Xom's grace]
  2540 | D:3      | Gained mutation: You have an increased reservoir of magic.
                  | (+10% MP) [Xom's grace]
  2540 | D:3      | Gained mutation: You are agile. (Dex +2) [Xom's grace]
  2921 | D:4      | Noticed an ice beast
  2929 | D:4      | XOM: summons friendly quasit
  2938 | D:4      | Killed an ice beast
  2939 | D:4      | Reached skill level 10 in Bows
  2939 | D:4      | Reached XP level 6. HP: 34/34 MP: 8/8
  3036 | D:4      | XOM: give mutation
  3036 | D:4      | Gained mutation: Your flesh is heat resistant. (rF+) [Xom's
                  | grace]
  3259 | D:4      | XOM: god gift: lightning rod (4/4)
  3513 | D:4      | XOM: scenery: summon butterflies
  3594 | D:4      | XOM: god gift: staff of poison
  3651 | D:4      | Reached skill level 11 in Bows
  3651 | D:4      | Reached XP level 7. HP: 38/38 MP: 9/9
  3724 | D:5      | Entered Level 5 of the Dungeon
  3892 | D:5      | XOM: god gift: tin of tremorstones (2/2)
  3920 | D:5      | Noticed Eustachio
  3925 | D:5      | Killed Eustachio
  3926 | D:5      | Reached skill level 12 in Bows
  4003 | D:5      | Found a white marble altar of Elyvilon.
  4087 | D:5      | Noticed Ijyb
  4099 | D:5      | Killed Ijyb
  4099 | D:5      | Noticed Duvessa
  4101 | D:5      | HP: 9/38 [scorpion (7)]
  4104 | D:6      | HP: 4/38 [scorpion (9)]
  4109 | D:6      | Slain by a hound

Vanquished Creatures
  Eustachio (D:5)
  An ice beast (D:4)
  2 ogres
  2 hounds (D:5)
  3 iguanas
  An orc priest (D:4)
  3 orc wizards
  Ijyb (D:5)
  7 adders
  3 gnolls (D:3)
  5 dart slugs
  12 orcs
  7 bats
  6 endoplasms
  4 giant cockroaches (D:1)
  12 goblins
  8 hobgoblins
  2 jackals (D:4)
  A kobold (D:3)
  A quokka (D:1)
  15 ball pythons
  4 frilled lizards
  6 rats
107 creatures vanquished.

Table legend:
 A = Non-vault XP
 B = Vault XP
 C = Vault XP percentage of total XP
 D = Non-vault monster count
 E = Vault monster count
 F = Vault count percentage of total count
                 A         B        C        D         E       F
            +---------+---------+-------+---------+---------+-------
      Total |     987 |     232 |  19.0 |      96 |      11 |  10.3
            +---------+---------+-------+---------+---------+-------
        D:1 |      50 |       0 |   0.0 |      27 |       0 |   0.0
        D:2 |      63 |       5 |   7.4 |      18 |       3 |  14.3
        D:3 |     173 |      10 |   5.5 |      22 |       6 |  21.4
        D:4 |     452 |       0 |   0.0 |      22 |       0 |   0.0
        D:5 |     249 |     217 |  46.6 |       7 |       2 |  22.2
            +---------+---------+-------+---------+---------+-------

Illustrated notes

Table legend:
 A = Kills in this place as a percentage of kills in entire the game.
 B = Kills by you in this place as a percentage of kills by you in the entire game.
 C = Kills by friends in this place as a percentage of kills by friends in the entire game.
 D = Other kills in this place as a percentage of other kills in the entire game.
 E = Experience gained in this place as a percentage of experience gained in the entire game.
 F = Experience gained in this place divided by the number of levels of this place that you have seen.
                   A       B       C       D       E      F
               +-------+-------+-------+-------+-------+----------------------
         Total | 100.0 | 100.0 |   N/A |   N/A | 100.0 | 203.2
       Dungeon | 100.0 | 100.0 |   N/A |   N/A | 100.0 | 203.2
               +-------+-------+-------+-------+-------+----------------------

Table legend: (Time is in decaauts)
 A = Elapsed time spent in this place.
 B = Non-inter-level travel time spent in this place.
 C = Inter-level travel time spent in this place.
 D = Time resting spent in this place.
 E = Time spent auto-exploring this place.
 F = Levels seen in this place.
 G = Mean time per level.
                   A        B        C        D        E       F      G
               +--------+--------+--------+--------+--------+-----+--------+
         Total |   4147 |   4067 |     80 |    550 |   2944 |   6 |  691.2 |
       Dungeon |   4147 |   4067 |     80 |    550 |   2944 |   6 |  691.2 |
               +--------+--------+--------+--------+--------+-----+--------+

Top non-repeatable levels by time:
     D:3: 1157 daAuts
     D:4: 954 daAuts
     D:1: 866 daAuts
     D:2: 773 daAuts
     D:5: 389 daAuts
     D:6: 6 daAuts
